 Dungeon Crawl Stone Soup version 0.28-a0-919-g0b5b508569 (webtiles) character file.

Game seed: 4188887766564639725

51 enile the Skirmisher (level 3, -2/54 HPs)
             Began as a Minotaur Berserker on Nov 26, 2021.
             Was a Follower of Trog.
             Slain by a gnoll (6 damage)
             ... on level 2 of the Dungeon.
             The game lasted 00:02:00 (1232 turns).

enile the Skirmisher (Minotaur Berserker)           Turns: 1232, Time: 00:02:02

Health: -2/54      AC:  2    Str: 22    XL:     3   Next: 58%
Magic:  2/2        EV: 12    Int:  4    God:    Trog [*.....]
Gold:   32         SH:  0    Dex:  9    Spells: 2/2 levels left

rFire   . . .      SeeInvis .   a - +0 mace
rCold   . . .      Faith    .   (no shield)
rNeg    . . .      Spirit   .   b - +0 animal skin
rPois   .          Reflect  .   (helmet restricted)
rElec   .          Harm     .   (no cloak)
rCorr   .          Rampage  .   (no gloves)
Will    .....                   (no boots)
Stlth   ..........              (no amulet)
HPRegen 0.18/turn               (no ring)
MPRegen 0.08/turn               (no ring)

@: berserking (expiring), very quick
A: horns 2, retaliatory headbutt
a: Renounce Religion, Berserk


You were on level 2 of the Dungeon.
You worshipped Trog.
Trog was aware of your devotion.
You visited 1 branch of the dungeon, and saw 2 of its levels.

You collected 32 gold pieces.

Inventory:

Hand Weapons
 a - a +0 mace (weapon)
Missiles
 g - 5 stones (quivered)
Armour
 b - a +0 animal skin (worn)
Scrolls
 c - a scroll of teleportation {unknown}
 d - a scroll of identify {unknown}
Potions
 e - a potion of curing {unknown}
 f - a potion of invisibility {unknown}


   Skills:
 - Level 5.0 Fighting
 - Level 4.0 Maces & Flails
 + Level 1.3 Throwing
 - Level 2.4 Armour
 - Level 2.1 Dodging


You had 2 spell levels left.
You didn't know any spells.
Your spell library was empty.

Dungeon Overview and Level Annotations

Branches:
Dungeon (2/15)

Altars:


Innate Abilities, Weirdness & Mutations

You have a pair of horns on your head.
You reflexively headbutt those who attack you in melee.


Message History

A gnoll comes into view. It is wielding a +0 spear.
The gnoll hits you with a +0 whip.
You hit the gnoll.
The gnoll is lightly wounded.
The gnoll closely misses you.
You closely miss the gnoll.
The gnoll is lightly wounded.
The gnoll hits you from afar with a +0 spear.
The gnoll hits you with a +0 whip!
You hit the gnoll. Your headbutt misses the gnoll.
The gnoll is heavily wounded.
The gnoll hits you from afar with a +0 spear.
The gnoll misses you. You furiously retaliate!
You headbutt the gnoll.
You are too injured to fight recklessly!
You are too injured to fight recklessly!
You are too injured to fight recklessly!
There are monsters nearby!
There are monsters nearby!
You fail to use your ability.
The gnoll barely misses you.
A red film seems to cover your vision as you go berserk!
You feel yourself moving faster!
You feel mighty!
You can no longer call upon Trog for regeneration and willpower.
The gnoll barely misses you. The gnoll hits you with a +0 whip!
* * * LOW HITPOINT WARNING * * *
You hit the gnoll.
You kill the gnoll!
Trog accepts your kill.
The gnoll hits you from afar with a +0 spear.
* * * LOW HITPOINT WARNING * * *
Your Throwing skill increases to level 1!
The gnoll closely misses you.
You see here a +0 whip.
You thump the gnoll! Your headbutt misses the gnoll.
The gnoll is severely wounded.
The gnoll barely misses you. The gnoll hits you with a +0 spear!
* * * LOW HITPOINT WARNING * * *
You barely miss the gnoll.
The gnoll is severely wounded.
The gnoll hits you from afar with a +0 spear.
You die...

##.. #.. ...
... #.# #(#
#######.#####.#
....?!...†..#.#
#######.###.#.#
#..##.#.#
##.#....#
#@#.#..#
#g#....#
#g###..# #.#
#..# ..# #..#
#######..#
.........#
#######.## #.#


You could see 2 gnolls.

Vanquished Creatures
  A gnoll (D:2)
  A worm (D:2)
  3 dart slugs
  4 bats
  An endoplasm (D:1)
  3 goblins
  2 hobgoblins
  2 jackals (D:1)
  2 quokkas (D:2)
  4 ball pythons (D:1)
  4 frilled lizards
  2 kobolds (D:1)
  2 rats (D:1)
31 creatures vanquished.

Notes
Turn   | Place    | Note
-------+----------+-------------------------------------------
     0 | D:1      | enile the Minotaur Berserker began the quest for the Orb.
     0 | D:1      | Reached XP level 1. HP: 19/19 MP: 0/0
   249 | D:1      | Reached skill level 4 in Fighting
   345 | D:1      | Reached XP level 2. HP: 28/28 MP: 1/1
   720 | D:1      | Reached skill level 5 in Fighting
  1064 | D:2      | Reached XP level 3. HP: 33/36 MP: 2/2
  1182 | D:2      | Reached ** piety under Trog
  1230 | D:2      | Reached skill level 1 in Throwing
  1232 | D:2      | Slain by a gnoll

Illustrated notes

Levels and vault maps discovered:
D:1:      saegor_arrival_simple_d, layout_loops_corners
D:2:      layout_loops_ring, nicolae_ecumenical_pavilion

Skill      XL: |  1  2  3 |
---------------+----------+-----
Fighting       | 4 5 |  5.0
Maces & Flails | 4 |  4.0
Throwing       | 1 |  1.3
Armour         | |  2.4
Dodging        | |  2.1

Action                   || total
-------------------------++-------
Melee: Mace              ||    61
       Headbutt          ||     6
Invok: Berserk           ||     1
Armor: Animal skin       ||    15
Dodge: Dodged            ||    40

Table legend: (Time is in decaauts)
 A = Elapsed time spent in this place.
 B = Non-inter-level travel time spent in this place.
 C = Inter-level travel time spent in this place.
 D = Time resting spent in this place.
 E = Time spent auto-exploring this place.
 F = Levels seen in this place.
 G = Mean time per level.
                   A        B        C        D        E       F      G
               +--------+--------+--------+--------+--------+-----+--------+
         Total |   1244 |   1133 |    111 |      0 |    976 |   2 |  622.0 |
       Dungeon |   1244 |   1133 |    111 |      0 |    976 |   2 |  622.0 |
               +--------+--------+--------+--------+--------+-----+--------+

Top non-repeatable levels by time:
     D:1: 1066 daAuts
     D:2: 177 daAuts
